 Dungeon Crawl Stone Soup version 0.27-a0-1189-gb8eb6cee8e (webtiles) character file.

Game seed: 14802550853859993875

291 Froggeryz the Chiller (level 5, -11/38 HPs)
             Began as a Demigod Ice Elementalist on May 23, 2021.
             Killed from afar by Dowan (14 damage)
             ... with a puff of frost
             ... on level 4 of the Dungeon.
             The game lasted 00:03:00 (3399 turns).

Froggeryz the Chiller (Demigod Ice Elementalist)    Turns: 3399, Time: 00:03:00

Health: -11/38     AC:  2    Str:  9    XL:     5   Next: 84%
Magic:  10/13      EV: 12    Int: 21    God:
Gold:   130        SH:  0    Dex: 20    Spells: 6/10 levels left

rFire    . . .     SeeInvis .   c - +0 short sword
rCold    . . .     Faith    .   (no shield)
rNeg     . . .     Spirit   .   a - +0 robe
rPois    .         Reflect  .   (no helmet)
rElec    .         Harm     .   (no cloak)
rCorr    .         Rampage  .   (no gloves)
Will     .....                  (no boots)
Stlth    +.........             (no amulet)
HPRegen  0.12/turn              e - +6 ring of dexterity
MPRegen  0.13/turn              (no ring)

@: lit by a corona, freezing walls, glowing
A: high mp 1, forlorn
a: no special abilities


You were on level 4 of the Dungeon.
You visited 1 branch of the dungeon, and saw 4 of its levels.

You collected 130 gold pieces.

Inventory:

Hand Weapons
 c - a +0 short sword (weapon)
Armour
 a - a +0 robe (worn)
Jewellery
 e - a +6 ring of dexterity (left hand)
 k - an amulet of regeneration
Wands
 d - a wand of polymorph (12)
 n - a wand of digging (4)
Scrolls
 b - a scroll of silence {unknown}
 f - a scroll of enchant armour {unknown}
 g - 3 scrolls of teleportation {unknown}
 i - a scroll of summoning {unknown}
 j - a scroll of noise {unknown}
 l - a scroll of identify {unknown}
Potions
 m - a potion of curing {unknown}


   Skills:
 - Level 1.7 Dodging
 - Level 1.7 Stealth
 + Level 3.4 Spellcasting
 * Level 5.9 Ice Magic


You had 6 spell levels left.
You knew the following spells:

 Your Spells              Type           Power      Damage    Failure   Level
a - Freeze                Ice            100%       1d11      1%          1
b - Frozen Ramparts       Ice            56%        1d7       3%          3

Your spell library contained the following spells:

 Spells                   Type           Power      Damage    Failure   Level
 Ozocubu's Armour         Ice            28%        N/A       3%          3
 Hailstorm                Conj/Ice       16%        3d6       36%         4
 Metabolic Englaciation   Hex/Ice        8%         N/A       71%         5


Dungeon Overview and Level Annotations

Branches:
Dungeon (4/15)
 Temple: D:4-7

Shops:
D:3 [

Annotations:
D:4 Dowan, Duvessa


Innate Abilities, Weirdness & Mutations

Your attributes grow dramatically as you level up.
You have an increased reservoir of magic. (+10% MP)
You shall have no god before yourself.


Message History

A jelly comes into view.
Casting: Frozen Ramparts (dangerous; 3% risk of failure)
Confirm with . or Enter, or press ? or * to list all spells.
Casting: Frozen Ramparts (dangerous; 3% risk of failure)
Press: ? - help, Dir - look around, f - activate The walls around you are covered in ice.
Dowan shouts!
The hobgoblin shouts!
The ball python hisses angrily.
The wall freezes Duvessa.
Duvessa shouts!
The wall freezes the hobgoblin.
You kill the hobgoblin!
The wall freezes Duvessa.
The wall freezes the ball python.
You kill the ball python!
You hit Duvessa.
Duvessa is heavily wounded.
The wall freezes Duvessa!
Duvessa hits you with a +1 vampiric short sword.
Duvessa draws strength from your wounds!
The wall freezes the kobold!
You kill the kobold!
You hit Duvessa but do no damage.
Duvessa is heavily wounded.
The wall freezes Duvessa. x2
Duvessa hits you with a +1 vampiric short sword!
You closely miss Duvessa.
Duvessa is severely wounded.
The wall freezes Dowan!
The wall freezes Duvessa.
Duvessa hits you with a +1 vampiric short sword!
You closely miss Dowan.
Dowan is moderately wounded.
The wall freezes Dowan!
Dowan points at you and mumbles some strange words.
You are outlined in light.
The wall freezes Duvessa.
Duvessa hits you with a +1 vampiric short sword!
* * * LOW HITPOINT WARNING * * *
Duvessa draws strength from your wounds!
The wall freezes the jelly.
The wall freezes Dowan.
Dowan casts a spell at you. The puff of frost hits you!
You die...

#.........# #.#.#
#.........# #.#.#
#.........# #.#<##
#######...###....#
#....†.....#
###!.######.#
#...........#
#.#..########
...#e@# 8..# ##eJ#
..# †.># # ...)#
.....# ......#
#......# #......#


You could see Duvessa, Dowan and a jelly.

Vanquished Creatures
  Menkaure (D:4)
  2 orc priests (D:3)
  Natasha (thrice) (D:3)
  An adder (D:2)
  2 dart slugs
  An orc (D:2)
  5 bats
  An endoplasm (D:3)
  A giant cockroach (D:2)
  3 goblins
  6 hobgoblins
  3 quokkas
  2 ball pythons
  5 frilled lizards
  5 kobolds
  2 rats
43 creatures vanquished.

Notes
Turn   | Place    | Note
-------+----------+-------------------------------------------
     0 | D:1      | Froggeryz the Demigod Ice Elementalist began the quest for
                  | the Orb.
     0 | D:1      | Reached XP level 1. HP: 14/14 MP: 5/5
   380 | D:1      | Reached skill level 4 in Ice Magic
   380 | D:1      | Reached XP level 2. HP: 10/20 MP: 1/7
  1449 | D:2      | Reached XP level 3. HP: 26/26 MP: 9/9
  1489 | D:2      | Learned a level 3 spell: Frozen Ramparts
  2125 | D:3      | Noticed Natasha
  2134 | D:3      | Killed Natasha
  2148 | D:3      | Noticed Natasha
  2154 | D:3      | Killed Natasha
  2155 | D:3      | Reached XP level 4. HP: 21/33 MP: 6/10
  2416 | D:3      | Noticed Natasha
  2421 | D:3      | Killed Natasha
  2422 | D:3      | Reached skill level 5 in Ice Magic
  2587 | D:3      | Reached XP level 5. HP: 25/38 MP: 6/12
  3187 | D:3      | Found Waugim's Antique Armour Emporium.
  3329 | D:4      | Noticed Menkaure
  3346 | D:4      | Killed Menkaure
  3390 | D:4      | Noticed Duvessa
  3392 | D:4      | Noticed Dowan
  3399 | D:4      | Killed from afar by Dowan

Illustrated notes

Levels and vault maps discovered:
D:1:      kilobyte_arrival_exit_the_forest, layout_loops_ring, minmay_surrounded
D:2:      layout_basic, hellmonk_ecumenical_altar_lost_god
D:3:      layout_basic, lemuel_coloured_pillars_altar, serial_shops,
          nicolae_shop_window_shopping, minmay_misc_feat_columns, uniq_natasha
D:4:      layout_basic, amcnicky_altar_gilded, led_sif_book,
          lemuel_crystal_altar, cheibrodos_gnoll_hut, uniq_menkaure,
          uniq_eustachio, uniq_crazy_yiuf_cottage, uniq_duvessa

Skill      XL: |  1  2  3  4 |
---------------+-------------+-----
Spellcasting   | 2 3 |  3.4
Ice Magic      | 4 5 |  5.9
Dodging        | |  1.7
Stealth        | |  1.7

Action                   |  1- 3 |  4- 6 || total
-------------------------+-------+-------++-------
Melee: Short sword       |    53 |    37 ||    90
       Unarmed           |     2 |       ||     2
 Cast: Freeze            |    26 |    13 ||    39
       Frozen Ramparts   |       |     2 ||     2
  Use: Potion            |       |     2 ||     2
 Stab: Sleeping          |     2 |     2 ||     4
Armor: Robe              |    27 |    15 ||    42
Dodge: Dodged            |    46 |    33 ||    79

Table legend: (Time is in decaauts)
 A = Elapsed time spent in this place.
 B = Non-inter-level travel time spent in this place.
 C = Inter-level travel time spent in this place.
 D = Time resting spent in this place.
 E = Time spent auto-exploring this place.
 F = Levels seen in this place.
 G = Mean time per level.
                   A        B        C        D        E       F      G
               +--------+--------+--------+--------+--------+-----+--------+
         Total |   3415 |   3294 |    121 |    129 |   2795 |   4 |  853.8 |
       Dungeon |   3415 |   3294 |    121 |    129 |   2795 |   4 |  853.8 |
               +--------+--------+--------+--------+--------+-----+--------+

Top non-repeatable levels by time:
     D:1: 1303 daAuts
     D:3: 1142 daAuts
     D:2: 891 daAuts
     D:4: 77 daAuts
